 Dungeon Crawl Stone Soup version 0.25.1-2-g60ff931df9 (webtiles) character file.

Game seed: 15301998294846225257

32 pokeman the Magician (level 3, -1/20 HPs)
             Began as a Deep Elf Wizard on Oct 3, 2020.
             Slain by a phantom (9 damage)
             ... on level 2 of the Dungeon.
             The game lasted 00:02:13 (1666 turns).

pokeman the Magician (Deep Elf Wizard)              Turns: 1666, Time: 00:02:14

Health: -1/20      AC:  2    Str:  4    XL:     3   Next: 8%
Magic:  9/11       EV: 13    Int: 23    God:
Gold:   77         SH:  0    Dex: 13    Spells: 1/12 levels left

rFire    . . .     SeeInvis .   (no weapon)
rCold    . . .     Gourm    .   (no shield)
rNeg     . . .     Faith    .   a - +0 robe
rPois    .         Spirit   .   b - +0 hat
rElec    .         Reflect  .   (no cloak)
rCorr    .         Harm     .   (no gloves)
MR       .....                  (no boots)
Stlth    ++........             (no amulet)
HPRegen  0.06/turn              (no ring)
MPRegen  0.12/turn              (no ring)

@: no status effects
A: no striking features
a: no special abilities


You were on level 2 of the Dungeon.
You were very hungry.

You visited 1 branch of the dungeon, and saw 2 of its levels.

You collected 77 gold pieces.

Inventory:

Armour
 a - a +0 robe (worn)
 b - a +0 hat (worn)
Scrolls
 c - a scroll of fog {unknown}
 e - 3 scrolls of identify {unknown}
 f - 2 scrolls of remove curse {unknown}
Potions
 g - a potion of mutation {unknown}
 h - a potion of haste {unknown}
 i - 2 potions of curing {unknown}
 k - a potion of brilliance {unknown}
Comestibles
 d - 3 rations


   Skills:
 + Level 0.7 Fighting
 + Level 0.8 Armour
 - Level 2.4 Dodging
 - Level 2.4 Stealth
 * Level 5.1 Spellcasting
 + Level 1.7 Conjurations
 - Level 1.1 Summonings
 - Level 1.1 Translocations


You had one spell level left.
You knew the following spells:

 Your Spells              Type           Power        Failure   Level  Hunger
a - Magic Dart            Conj           ##..         4%          1    None
b - Mephitic Cloud        Conj/Pois/Air  #.......     22%         3    ##.....
c - Call Imp              Summ           ##......     9%          2    None
d - Blink                 Tloc           N/A          9%          2    None
e - Conjure Flame         Conj/Fire      #.......     21%         3    ##.....

Your spell library contained the following spells:

 Spells                   Type           Power        Failure   Level  Hunger
 Slow                     Hex            #.......     14%         2    None


Dungeon Overview and Level Annotations

Branches:
Dungeon (2/15)

Altars:


Message History

You climb downwards.
The phantom hits you. The rat closely misses you. The phantom hits you.
The rat bites you.
There is a stone staircase leading up here.
Casting: Magic Dart (safe; 4% risk of failure)
Confirm with . or Enter, or press ? or * to list all spells.
Aiming: Magic Dart (safe; 4% risk of failure)
Press: ? - help, Shift-Dir - straight line, f - phantom
Aim: a phantom (heavily damaged)
The magic dart hits the phantom but does no damage.
The phantom is heavily damaged.
The phantom hits you. The rat bites you.
Casting: Magic Dart (safe; 4% risk of failure)
Confirm with . or Enter, or press ? or * to list all spells.
Aiming: Magic Dart (safe; 4% risk of failure)
Press: ? - help, Shift-Dir - straight line, f/p - phantom
Aim: a phantom (moderately damaged)
The magic dart hits the phantom.
The phantom is heavily damaged.
The phantom hits you!
You die...

#######################
.......................
####........###########
#................
####.......rW#######
#...........@#
#............#
#####............#
.................#
.................#
........###....###
.............#....
(............#.###
........#......#


You could see a phantom and a rat.

Vanquished Creatures
  2 leopard geckos
  3 bats
  3 giant cockroaches (D:1)
  3 goblins (D:1)
  5 hobgoblins (D:1)
  2 jackals (D:2)
  3 frilled lizards (D:1)
  3 kobolds (D:1)
  3 rats
27 creatures vanquished.

Notes
Turn   | Place    | Note
-------+----------+-------------------------------------------
     0 | D:1      | pokeman the Deep Elf Wizard began the quest for the Orb.
     0 | D:1      | Reached XP level 1. HP: 10/10 MP: 7/7
   219 | D:1      | Reached XP level 2. HP: 15/15 MP: 6/9
   736 | D:1      | Reached skill level 5 in Spellcasting
  1155 | D:2      | Reached XP level 3. HP: 20/20 MP: 3/11
  1160 | D:2      | Learned a level 3 spell: Mephitic Cloud
  1163 | D:2      | Learned a level 2 spell: Call Imp
  1166 | D:2      | Learned a level 2 spell: Blink
  1170 | D:2      | Learned a level 3 spell: Conjure Flame
  1303 | D:2      | Noticed a phantom
  1666 | D:2      | Slain by a phantom

Illustrated notes

Levels and vault maps discovered:
D:1:      heliophobic_arrival_enchanted_forest, layout_basic,
          minmay_crystal_room
D:2:      minmay_wonky_spiral, layout_basic

Skill      XL: |  1  2 |
---------------+-------+-----
Spellcasting   | 5 |  5.1
Fighting       | |  0.7
Armour         | |  0.8
Dodging        | |  2.4
Stealth        | |  2.4
Conjurations   | |  1.7
Summonings     | |  1.1
Translocations | |  1.1

Action                   || total
-------------------------++-------
 Cast: Magic Dart        ||    91
       Call Imp          ||     5
  Eat: Chunk             ||     1
Armor: Robe              ||     3
Dodge: Dodged            ||    12
